 Dungeon Crawl Stone Soup version 0.17-a0-1528-gfee3901 (webtiles) character file.

318 Chiseanne the Covered (level 6, 0/46 HPs)
             Began as a Demonspawn Wanderer on July 15, 2015.
             Slain by an ogre
             ... wielding a +0 giant club
              (16 damage)
             ... on level 4 of the Dungeon.
             The game lasted 00:08:15 (3122 turns).

Chiseanne the Covered (Demonspawn Wanderer)         Turns: 3122, Time: 00:08:15

Health: 0/46       AC: 16    Str: 13    XL:     6   Next: 21%
Magic:  6/6        EV: 12    Int: 15    God:
Gold:   186        SH:  0    Dex: 12    Spells: 0 memorised, 5 levels left

rFire  . . .     SeeInvis .     a - +3 flail (protect)
rCold  . . .     Clarity  .     b - +1 ring mail
rNeg   . . .     SustAt   .     (no shield)
rPois  .         Gourm    .     H - +0 helmet
rElec  .         Spirit   .     (no cloak)
rCorr  .         Warding  .     (no gloves)
rMut   .         Stasis   .     g - +2 pair of boots
MR     .....                    (no amulet)
Stlth  +.........               (no ring)
                                (no ring)

@: not resistant to hostile enchantments, very unstealthy
A: hooves 1, powered by death 1, spiny 2
a: no special abilities


You were on level 4 of the Dungeon.
You were not hungry.

You visited 1 branch of the dungeon, and saw 4 of its levels.

You collected 186 gold pieces.

Inventory:

Hand weapons
 a - a +3 flail of protection (weapon)
 d - a +0 blowgun
 n - a cursed +0 hunting sling
 s - a +1 whip of venom
 v - a +0 war axe
 w - a +0 blowgun
 I - a +1 hand axe of electrocution
Missiles
 c - 64 poisoned needles
 i - 19 bolts
 u - 60 sling bullets
 x - 9 javelins (quivered)
 y - 35 arrows
 D - 2 tomahawks
Armour
 b - a +1 ring mail (worn)
 g - a +2 pair of boots (worn)
 H - a +0 helmet (worn)
Jewellery
 k - an uncursed amulet of resist corrosion {unknown}
 r - an uncursed amulet of the gourmand {unknown}
Scrolls
 j - a scroll of enchant armour
 l - a scroll of amnesia
 o - 4 scrolls of teleportation
 z - a scroll of fear
 A - a scroll of fog
 C - a scroll of enchant weapon
 K - a scroll of remove curse
Potions
 f - a potion of brilliance
 h - 3 potions of curing
 m - a potion of flight {unknown}
 p - a potion of heal wounds {unknown}
 q - a potion of haste {unknown}
 B - 2 potions of poison {unknown}
 E - a potion of cancellation {unknown}
 F - 2 potions of lignification
Comestibles
 e - 5 bread rations
 t - a slice of pizza
 G - 4 chunks of flesh
 J - 5 meat rations


   Skills:
 + Level 2.5 Fighting
 - Level 1.7 Maces & Flails
   Level 2.6 Crossbows
 - Level 1.0 Throwing
 + Level 4.0 Armour
 * Level 3.9 Dodging
 - Level 1.0 Stealth


You had 5 spell levels left.
You didn't know any spells.

Dungeon Overview and Level Annotations

Branches:
Dungeon (4/15)
 Temple: D:4-7

Altars:
Dithmenos


Innate Abilities, Weirdness & Mutations

You have large cloven feet.
You regenerate a little health from kills.
You are mostly covered in sharp spines.


Message History

Some of the chunks of flesh in your inventory have rotted away.
K - a scroll of remove curse A bat comes into view.
You closely miss the bat. The bat is struck by your spines.
You kill the bat!
e - 5 bread rations (gained 1)
You feel less regenerative.
An ogre comes into view. It is wielding a giant club.
The ogre hits you with a giant club!
Found a meat ration and 19 stones.
You sock the ogre!
The ogre is heavily wounded.
The ogre hits you with a giant club!
You closely miss the ogre.
The ogre is moderately wounded.
The ogre closely misses you.
You barely miss the ogre.
The ogre is moderately wounded.
The ogre hits you with a giant club!
You die...

#............ ...
............. ..(#
#............. %...#
#.............. ....##
#...............
#....#.........<......
....................
#O.................
##@................
##..................
##...................
###....................
##......................
.##.......................
..........................
..........................
..........................


You could see an ogre.

Vanquished Creatures
  A crimson imp (D:3)
  2 orc priests (D:3)
  An orc wizard (D:3)
  2 gnolls (D:4)
  5 adders
  An ooze (D:3)
  2 worms
  2 giant geckos
  17 orcs
  A ball python (D:3)
  3 giant cockroaches
  12 goblins
  13 hobgoblins
  3 jackals (D:1)
  18 kobolds
  A quokka (D:2)
  7 bats
  15 giant newts
  6 rats
112 creatures vanquished.

Notes
Turn   | Place    | Note
--------------------------------------------------------------
     0 | D:1      | Chiseanne the Demonspawn Wanderer began the quest for the Orb.
     0 | D:1      | Chiseanne set off with: a +2 mace, a +0 ring mail, 12 poisoned needles, a +0 blowgun, a bread ration
     0 | D:1      | Reached XP level 1. HP: 13/13 MP: 1/1
   367 | D:1      | Reached skill level 3 in Armour
   367 | D:1      | Gained mutation: You are partially covered in sharp spines. [demonic ancestry]
   367 | D:1      | Reached XP level 2. HP: 12/20 MP: 2/2
   371 | D:1      | Reached skill level 1 in Dodging
   657 | D:1      | You fall through a shaft!
   975 | D:2      | Reached XP level 3. HP: 21/25 MP: 3/3
  1156 | D:2      | Reached skill level 1 in Fighting
  1333 | D:2      | Gained mutation: You regenerate a little health from kills. [demonic ancestry]
  1333 | D:2      | Reached XP level 4. HP: 30/32 MP: 4/4
  2045 | D:3      | Gained mutation: You are mostly covered in sharp spines. [demonic ancestry]
  2045 | D:3      | Reached XP level 5. HP: 13/38 MP: 5/5
  2401 | D:3      | Found a shadowy altar of Dithmenos.
  2751 | D:4      | Gained mutation: You have large cloven feet. [demonic ancestry]
  2751 | D:4      | Reached XP level 6. HP: 46/46 MP: 6/6
  2812 | D:4      | Reached skill level 4 in Armour
  3119 | D:4      | Noticed an ogre
  3122 | D:4      | Slain by an ogre

Vault maps used:
D:1:      dpeg_arrival_solitude
D:2:      minmay_lizard_king
D:3:      nicolae_dithmenos_through_a_glass_darkly
D:4:      corexii_shantytown, first_bread, corexii_shack, elyvilon_altar_5

Action                   |  1- 3 |  4- 6 || total
-------------------------+-------+-------++-------
Melee: Mace              |    70 |    68 ||   138
       Flail             |       |     8 ||     8
 Fire: Blowgun           |       |     2 ||     2
  Use: Scroll            |     7 |     7 ||    14
  Eat: Chunk             |     1 |     6 ||     7
